 Dungeon Crawl Stone Soup version 0.31-a0-965-g8a8ce12e04 (webtiles) character file.

Game seed: 5830378324169605325

15319 tsujin the Thaumaturge (level 12, -1/89 HPs)
             Began as a Djinni Conjurer on Oct 26, 2023.
             Was a Follower of Ashenzari.
             Slain by a hell rat (10 damage)
             ... on level 1 of the Lair of Beasts.
             The game lasted 00:41:23 (12687 turns).

tsujin the Thaumaturge (Djinni Conjurer)           Turns: 12687, Time: 00:41:23

Health: -1/89      AC: 16    Str: 11    XL:     12   Next: 56%
Gold:   954        EV: 13    Int: 34    God:    Ashenzari [*.....] SH:  5 Dex:  9

rFire   + + .        x - +10 dagger of the Cursed Augur {heavy, Str+5 Int+4 Dex-2, Elem, Self} (curse)
rCold   . . .        y - +0 buckler
rNeg    + + .        c - +0 acid dragon scales
rPois   ∞            (no helmet)
rElec   +            v - +2 cloak
rCorr   +            j - +2 pair of gloves "Behold Eternity" {rElec rN++ Int+4, Self, Bglg} (curse)
SInv    .            (boots unavailable)
Will    +....        (no amulet)
Stlth   +++          A - +4 ring of protection
HPRegen 0.34/turn    u - ring of protection from cold
MPRegen 0.00/turn

%: infuse magic (-2 HP)
@: flying
A: sickness immunity, fire resistance 2, cold vulnerability 1, float, innate
caster, HP casting, extra vitality 1
a: Renounce Religion, Curse Item, Shatter the Chains


You were on level 1 of the Lair of Beasts.
You worshipped Ashenzari.
Ashenzari was aware of your devotion.
You visited 3 branches of the dungeon, and saw 13 of its levels.

You collected 1135 gold pieces.
You spent 181 gold pieces at shops.

Inventory:

Hand Weapons
 x - the cursed +10 dagger of the Cursed Augur (weapon) {heavy, Str+5 Int+4 Dex-2, Elem, Self}
   (You found it on level 7 of the Dungeon)

   Str+5:     It affects your strength (+5).
   Int+4:     It affects your intelligence (+4).
   Dex-2:     It affects your dexterity (-2).
   It has a curse which improves the following skills: Elements: Fire Magic, Ice
   Magic, Air Magic and Earth Magic.
   Introspection: Fighting and Spellcasting.
Missiles
 n - 3 throwing nets
Armour
 c - +0 acid dragon scales (worn)
 j - the cursed +2 pair of gloves "Behold Eternity" (worn) {rElec rN++ Int+4, Self, Bglg}
   (You found it on level 4 of the Dungeon)

   Int+4:     It affects your intelligence (+4).
   rElec:     It insulates you from electricity.
   rN++:      It greatly protects you from negative energy.
   It has a curse which improves the following skills: Introspection: Fighting
   and Spellcasting.
   Beguiling: Conjurations, Hexes and Translocations.
 v - a +2 cloak (worn)
 y - a +0 buckler (worn)
Magical Staves
 a - a staff of conjuration
 d - a staff of poison
 g - a staff of fire
Jewellery
 r - a ring of positive energy
 u - a ring of protection from cold (right hand)
 A - a +4 ring of protection (left hand)
Talismans
 e - a beast talisman
Wands
 i - a wand of acid (4)
 z - a wand of polymorph (5)
 B - a wand of mindburst (12)
 D - a wand of charming (8)
Scrolls
 p - a scroll of teleportation
 s - 2 scrolls of identify
 t - a scroll of enchant weapon
 C - a scroll of amnesia
 F - a scroll of fear
Potions
 b - 4 potions of curing
 f - 3 potions of attraction
 h - a potion of enlightenment
 l - a potion of mutation
 m - 3 potions of lignification
 o - a potion of invisibility
 w - a potion of resistance
 E - a potion of might
 G - a potion of ambrosia


   Skills:
 + Level 7.7(9.0) Fighting
 * Level 2.7 Armour
 + Level 8.9 Dodging
 + Level 7.3 Stealth
 + Level 7.3 Shields
 * Level 9.7(10.8) Spellcasting
 * Level 9.7(10.4) Conjurations
 * Level 9.7(10.4) Hexes
   Level 0.0 Charms
 * Level 9.7 Summonings
 * Level 9.7 Necromancy
 * Level 9.7(10.4) Translocations
 * Level 9.7 Transmutations
 * Level 9.7(10.4) Fire Magic
 * Level 9.7(10.4) Ice Magic
 * Level 9.7(10.4) Air Magic
 * Level 9.7(10.4) Earth Magic
 * Level 9.7 Poison Magic


You knew the following spells:

 Your Spells              Type           Power      Damage    Failure   Level
a - Magic Dart            Conj           100%       1d8       1%          1
b - Searing Ray           Conj           100%       2d8       1%          2
c - Dazzling Flash        Conj/Hex       100%       N/A       1%          3
d - Fulminant Prism       Conj/Hex       37%        3d17      1%          4
e - Iskenderun's Mystic   Conj/Tloc      74%        2d15      1%          4
f - Summon Small Mammal   Summ           100%       N/A       1%          1
g - Ensorcelled Hibernat  Hex/Ice        100%       N/A       1%          2
h - Blink                 Tloc           100%       N/A       1%          2
i - Animate Armour        Summ/Erth      100%       N/A       1%          4
j - Manifold Assault      Tloc           74%        N/A       1%          4
Your spell library was empty.

Dungeon Overview and Level Annotations

Branches:
Dungeon (10/15)            Temple (1/1) D:5            Lair (2/5) D:8
    Orc (0/2) D:10
  Swamp: Lair:2-3    Shoals: Lair:2-3     Snake: Lair:2-3    Spider: Lair:2-3

Altars:
Ashenzari
Cheibriados
Dithmenos
Elyvilon
Fedhas
Gozag
Hepliaklqana
Makhleb
Nemelex Xobeh
Okawaru
Qazlal
Ru
Trog
Uskayaw
Wu Jian
Xom
Yredelemnul
Zin
The Shining One

Shops:
D:7 *

Annotations:
D:5 2 transporters, PowderKeg's ghost, novice MiCK
Lair:2 3 runed translucent doors, Elucviw's ghost, journeyman MiFi


Innate Abilities, Weirdness & Mutations

You are immune to sickness and miasma.
You are immune to poison.
Your flesh is very heat resistant. (rF++)
You are vulnerable to cold. (rC-)
You float through the air rather than walking.
You learn spells naturally, not from books.
Your magical power is your life essence.
You have superior vitality. (+4 MHP)


Message History

Your fulminant prism explodes!
The blast of energy engulfs the blink frog!!
You kill the blink frog!
You see here a +0 war axe of flaming.
Casting: Fulminant Prism (mildly dangerous; 1% risk of failure)
Confirm with . or Enter, or press ? or * to list all spells.
Aiming: Magic Dart (safe; 1% risk of failure)
Press: ? - help, Shift-Dir - straight line, f - hell rat
Aim: a hell rat (lightly wounded, 100% to hit)
The magic dart hits the hell rat but does no damage.
The hell rat is lightly wounded.
* * * LOW HITPOINT WARNING * * *
The hell rat closely misses you. The hell rat misses you.
Casting: Magic Dart (safe; 1% risk of failure)
Confirm with . or Enter, or press ? or * to list all spells.
Aiming: Magic Dart (safe; 1% risk of failure)
Press: ? - help, Shift-Dir - straight line, f/p - hell rat
Aim: a hell rat (lightly wounded, 100% to hit)
The magic dart hits the hell rat but does no damage.
The hell rat is lightly wounded.
* * * LOW HITPOINT WARNING * * *
The hell rat bites you but does no damage.
You take 1 damage, and have 21/89 hp.
Casting: Magic Dart (safe; 1% risk of failure)
Confirm with . or Enter, or press ? or * to list all spells.
Aiming: Searing Ray (safe; 1% risk of failure)
Press: ? - help, Shift-Dir - straight line, f/p - hell rat
Aim: a hell rat (lightly wounded, 83% to hit)
The searing ray hits the hell rat!
The hell rat is severely wounded. (Press . to maintain the ray.)
* * * LOW HITPOINT WARNING * * *
The hell rat bites you!
* * * LOW HITPOINT WARNING * * *
You take 12 damage, and have 9/89 hp.
The searing ray hits the hell rat but does no damage.
The hell rat is severely wounded.
* * * LOW HITPOINT WARNING * * *
The hell rat bites you!
You die...

######## #### #####
##..##.#####.P###########P#.#####
..................>..............
.................................
................@r......(........
.........................#.##.#.>
P######..................#####...
## ##...#..##.##......# ##..
#..#........#.....# #..
#..#....[...#.....# #.. #
###..#........#.....# ##..
######.#..#..............## #...
..........#........+......# ##..


You could see a hell rat.

Vanquished Creatures
  A hydra (Lair:2)
  Erica (D:8)
  A centaur warrior (D:10)
  A catoblepas (Lair:2)
  Joseph (Lair:1)
  A komodo dragon (Lair:1)
  4 cane toads
  Jeremiah (D:6)
  A rime drake (Lair:1)
  Psyche (D:8)
  Maggie (Lair:1)
  8 blink frogs
  Sigmund (D:5)
  19 yaks
  2 basilisks (D:8)
  4 wyverns
  Grum (D:8)
  6 water moccasins
  3 orc warriors
  2 black bears
  An ogre (D:7)
  7 wolves
  4 centaurs
  7 bullfrogs
  2 kobold brigands
  A gnoll sergeant (D:7)
  3 scorpions (D:5)
  5 wights (D:9)
  10 killer bees (D:9)
  2 hounds (D:5)
  3 jellies
  4 orc priests
  A gnoll bouda (D:8)
  Terence (D:3)
  2 sleepcaps
  3 iguanas
  7 orc wizards
  3 hell rats (Lair:2)
  5 adders
  11 gnolls
  A white imp (D:7)
  3 dart slugs
  27 orcs
  8 ball pythons
  2 bats
  6 endoplasms
  3 giant cockroaches
  10 goblins
  7 hobgoblins
  3 jackals (D:3)
  2 quokkas (D:1)
  3 frilled lizards
  21 kobolds
  4 rats
  2 fulminant prisms (D:8)
244 creatures vanquished.

Vanquished Creatures (collateral kills)
  A cane toad (Lair:1)
  A bullfrog (Lair:1)
2 creatures vanquished.

Vanquished Creatures (others)
  124 fulminant prisms
124 creatures vanquished.

Grand Total: 370 creatures vanquished

Notes
Turn   | Place    | Note
-------+----------+-------------------------------------------
     0 | D:1      | tsujin the Djinni Conjurer began the quest for the Orb.
     0 | D:1      | tsujin set off with the following spells memorised: Magic
                  | Dart, Searing Ray, Dazzling Flash, Fulminant Prism,
                  | Iskenderun's Mystic Blast.
     0 | D:1      | Reached XP level 1. HP: 15/15 MP: 0/0
   147 | D:1      | Reached XP level 2. HP: 20/21 MP: 0/0
   551 | D:1      | Reached XP level 3. HP: 24/25 MP: 0/0
   551 | D:1      | Learned a level 1 spell: Summon Small Mammal
   967 | D:2      | Found a faded altar of an unknown god.
  1055 | D:2      | Noticed an ogre
  1317 | D:3      | Reached XP level 4. HP: 26/31 MP: 0/0
  1552 | D:3      | Noticed Terence
  1558 | D:3      | Killed Terence
  1565 | D:3      | Reached XP level 5. HP: 13/35 MP: 0/0
  1565 | D:3      | Learned a level 2 spell: Ensorcelled Hibernation
  2300 | D:4      | Reached skill level 5 in Spellcasting
  2300 | D:4      | Reached skill level 5 in Conjurations
  2300 | D:4      | Reached skill level 5 in Hexes
  2300 | D:4      | Reached skill level 5 in Summonings
  2300 | D:4      | Reached skill level 5 in Necromancy
  2300 | D:4      | Reached skill level 5 in Translocations
  2300 | D:4      | Reached skill level 5 in Transmutations
  2300 | D:4      | Reached skill level 5 in Fire Magic
  2300 | D:4      | Reached skill level 5 in Ice Magic
  2300 | D:4      | Reached skill level 5 in Air Magic
  2300 | D:4      | Reached skill level 5 in Earth Magic
  2300 | D:4      | Reached skill level 5 in Poison Magic
  2473 | D:4      | Identified the +2 pair of gloves of the Skies Above {rElec
                  | rN++ Int+4}
  2586 | D:4      | Noticed a centaur
  2600 | D:4      | Killed a centaur
  2601 | D:4      | Reached XP level 6. HP: 18/40 MP: 0/0
  2771 | D:4      | Identified a scroll of acquirement
  2771 | D:4      | Identified the of Gidic (You acquired it on level 4 of the
                  | Dungeon)
  2771 | D:4      | Acquired 617 gold pieces
  3292 | D:5      | Entered Level 5 of the Dungeon
  3409 | D:5      | Found a transporter.
  3412 | D:5      | Noticed PowderKeg's ghost (novice MiCK)
  3477 | D:5      | Identified the +2 battleaxe "Cipalam" {antimagic, Fragile
                  | rC+ Will+}
  3525 | D:5      | Reached skill level 1 in Fighting
  3525 | D:5      | Reached XP level 7. HP: 41/47 MP: 0/0
  3525 | D:5      | Learned a level 2 spell: Blink
  3655 | D:5      | Found a staircase to the Ecumenical Temple.
  3678 | Temple   | Entered the Ecumenical Temple
  3704 | Temple   | Became a worshipper of Ashenzari the Shackled
  3731 | D:5      | Noticed Sigmund
  3741 | D:5      | Killed Sigmund
  3742 | D:5      | Reached XP level 8. HP: 32/55 MP: 0/0
  3916 | D:5      | Found a transporter.
  4238 | D:6      | Noticed Jeremiah
  4251 | D:6      | Killed Jeremiah
  4477 | D:6      | Reached XP level 9. HP: 56/61 MP: 0/0
  4477 | D:6      | Learned a level 4 spell: Animate Armour
  4496 | D:6      | Found an iron altar of Okawaru.
  5376 | D:6      | Found an ornate altar of the Wu Jian Council.
  5548 | D:7      | Reached skill level 5 in Dodging
  5558 | D:7      | Found a burning altar of Makhleb.
  5601 | D:7      | Found Leenaf's Neck Hole.
  5632 | D:7      | Bought a +2 cloak for 181 gold pieces
  6264 | D:7      | Identified the +10 dagger of Cotuasib {heavy, Str+5 Int+4
                  | Dex-2}
  6711 | D:8      | Noticed Grum
  6900 | D:8      | Noticed Psyche
  6905 | D:8      | Killed Psyche
  6906 | D:8      | Reached skill level 1 in Shields
  6950 | D:8      | Found a sacrificial altar of Ru.
  7056 | D:8      | Reached XP level 10. HP: 57/70 MP: 0/0
  7132 | D:8      | Reached skill level 5 in Fighting
  7141 | D:8      | Reached skill level 5 in Stealth
  7553 | D:8      | Noticed Erica
  7561 | D:8      | Killed Erica
  7574 | D:8      | Found a staircase to the Lair.
  7922 | D:8      | Reached skill level 5 in Shields
  7924 | D:8      | Killed Grum
  8584 | D:9      | Reached XP level 11. HP: 54/76 MP: 0/0
  8584 | D:9      | Learned a level 4 spell: Manifold Assault
  8896 | D:9      | Found a glowing silver altar of Zin.
  9303 | D:9      | Reached * piety under Ashenzari
  9856 | D:10     | Entered Level 10 of the Dungeon
  9877 | D:10     | Found a staircase to the Orcish Mines.
  9894 | D:10     | Noticed a centaur warrior
  9916 | D:10     | Killed a centaur warrior
 10201 | Lair:1   | Entered Level 1 of the Lair of Beasts
 10917 | Lair:1   | Noticed Joseph
 10929 | Lair:1   | Killed Joseph
 11113 | Lair:1   | Noticed Maggie
 11231 | Lair:1   | Killed Maggie
 11408 | Lair:1   | Reached XP level 12. HP: 82/88 MP: 0/0
 12257 | Lair:2   | Found a runed translucent gate.
 12257 | Lair:2   | Found a runed translucent gate.
 12295 | Lair:2   | Noticed a minotaur
 12307 | Lair:2   | Noticed Elucviw's ghost (journeyman MiFi)
 12307 | Lair:2   | Noticed a four-headed hydra
 12312 | Lair:2   | Noticed a catoblepas
 12314 | Lair:2   | Reached skill level 1 in Armour
 12314 | Lair:2   | Noticed a five-headed hydra
 12328 | Lair:2   | Found a runed translucent gate.
 12329 | Lair:2   | Killed a five-headed hydra
 12339 | Lair:2   | Killed a catoblepas
 12687 | Lair:1   | Slain by a hell rat

Illustrated notes

Levels and vault maps discovered:
D:1:      heliophobic_arrival_enchanted_forest, layout_loops_corners,
          minivault_26, nicolae_figureground_pulse
D:2:      layout_rooms, nicolae_ecumenical_lake_church
D:3:      layout_loops_ring, fiery_altar_vehumet, uniq_terence
D:4:      layout_loops_ring, minmay_misc_feat_four_crosses
D:5:      layout_cave_pools, minmay_temple_entry_mini_moons,
          gammafunk_ghost_mausoleum, serial_column_ruins, column_ruins_grid_3,
          column_ruins_corridor_straight, column_ruins_grid_3,
          column_ruins_grid_1, column_ruins_grid_3,
          nicolae_kite_square_tiling_tiny, serial_bayou_ford_a, uniq_sigmund
D:6:      layout_layer_cave, pdpol_wu_jian_five_deadly_venoms,
          okawaru_ov_weapons_minmay, uniq_jeremiah
D:7:      layout_basic, mainiacjoe_overflow_paths, enter_bailey_3,
          nicolae_shop_sticking_my_neck_out
D:8:      layout_loops_ring, nicolae_overflow_crystal_walls,
          minmay_lair_entry_grove, kennysheep_generic_room_14, uniq_erica,
          uniq_grum, uniq_psyche
D:9:      nicolae_cairo_tiling_large, layout_cave_pods, zin_academy
D:10:     layout_long_grid, orc_0_dummy, uniq_lodul
Temple:   minmay_temple_bridge_d
Lair:1:   layout_chaotic_city, uniq_maggie, uniq_joseph
Lair:2:   layout_gridlike, alex1729_swamp_entry_worm_eleionoma,
          maelrawn_ghost_gauntlet_escape, chequers_serial_rivers_small_3

Skill      XL: |  1  2  3  4  5  6  7  8  9 10 11 12 |
---------------+-------------------------------------+-----
Spellcasting   | 4 5 6 7 8 9 |  9.7
Conjurations   | 4 5 6 7 8 9 |  9.7
Hexes          | 4 5 6 7 8 9 |  9.7
Summonings     | 4 5 6 7 8 9 |  9.7
Necromancy     | 4 5 6 7 8 9 |  9.7
Translocations | 4 5 6 7 8 9 |  9.7
Transmutations | 4 5 6 7 8 9 |  9.7
Fire Magic     | 4 5 6 7 8 9 |  9.7
Ice Magic      | 4 5 6 7 8 9 |  9.7
Air Magic      | 4 5 6 7 8 9 |  9.7
Earth Magic    | 4 5 6 7 8 9 |  9.7
Poison Magic   | 4 5 6 7 8 9 |  9.7
Fighting       | 1 2 3 4 5 7 |  7.7
Stealth        | 2 3 4 5 6 7 |  7.3
Dodging        | 3 4 5 7 8 |  8.9
Shields        | 2 5 6 7 |  7.3
Armour         | 2 |  2.7

Action                     |  1- 3 |  4- 6 |  7- 9 | 10-12 || total
---------------------------+-------+-------+-------+-------++-------
  Melee: Unarmed           |       |       |     2 |       ||     2
         Dagger            |       |       |       |     3 ||     3
   Cast: Magic Dart        |    62 |    84 |    96 |   126 ||   368
         Summon Small Mamm |     2 |       |       |       ||     2
         Searing Ray       |     1 |     7 |    13 |    31 ||    52
         Fulminant Prism   |       |     6 |    27 |    94 ||   127
         Animate Armour    |       |       |       |     6 ||     6
 Invoke: Curse Item        |       |       |     1 |     1 ||     2
    Use: Scroll            |     2 |     5 |     3 |     2 ||    12
         Potion            |       |     1 |       |     7 ||     8
 Armour: Robe              |     2 |    19 |    36 |   116 ||   173
         Acid dragon scale |       |       |       |    36 ||    36
  Dodge: Dodged            |     5 |    12 |    32 |   112 ||   161
  Block: Buckler           |       |       |     6 |    35 ||    41

Table legend: (Time is in decaauts)
 A = Elapsed time spent in this place.
 B = Non-inter-level travel time spent in this place.
 C = Inter-level travel time spent in this place.
 D = Time resting spent in this place.
 E = Time spent auto-exploring this place.
 F = Levels seen in this place.
 G = Mean time per level.
                   A        B        C        D        E       F      G
               +--------+--------+--------+--------+--------+-----+--------+
         Total |  12688 |  12142 |    546 |   2795 |   6760 |  13 |  976.0 |
       Dungeon |  10597 |  10084 |    513 |   2070 |   5988 |  10 | 1059.7 |
        Temple |     50 |     50 |      0 |      0 |      0 |   1 |   50.0 |
          Lair |   2040 |   2007 |     33 |    725 |    772 |   2 | 1020.0 |
               +--------+--------+--------+--------+--------+-----+--------+

Top non-repeatable levels by time:
     D:8: 2061 daAuts
  Lair:1: 1856 daAuts
     D:6: 1430 daAuts
     D:9: 1403 daAuts
     D:7: 1174 daAuts
     D:4: 1041 daAuts
     D:3: 1018 daAuts
     D:1: 960 daAuts
     D:5: 864 daAuts
     D:2: 352 daAuts
    D:10: 289 daAuts
  Lair:2: 184 daAuts
  Temple: 50 daAuts
